 Dungeon Crawl Stone Soup version 0.30-a0-953-g5f1da4a474 (webtiles) character file.

Game seed: 17875342370243975827

59 BigDaddyOpFi the Digger (level 4, -4/32 HPs)
             Began as a Gnoll Earth Elementalist on Mar 28, 2023.
             Slain by Terence
             ... wielding a +2 heavy hand axe
              (6 damage)
             ... on level 2 of the Dungeon.
             The game lasted 00:01:37 (2046 turns).

BigDaddyOpFi the Digger (Gnoll Earth Elementalist)  Turns: 2046, Time: 00:01:38

Health: -4/32      AC:  3    Str: 14    XL:     4   Next: 3%
Magic:  11/11      EV: 13    Int: 16    God:
Gold:   154        SH:  0    Dex: 12    Spells: 12/13 levels left

rFire   . . .      SeeInvis .    d - +1 dagger (venom)
rCold   . . .      Faith    .    (no shield)
rNeg    . . .      Spirit   .    a - +0 robe
rPois   .          Reflect  .    (no helmet)
rElec   .          Rampage  .    (no cloak)
rCorr   +                        (no gloves)
Will    .....                    j - +0 pair of boots
Stlth   ++                       (no amulet)
HPRegen 0.25/turn                e - +6 ring of strength
MPRegen 0.12/turn                g - ring of resist corrosion

@: mighty
A: fangs 1, strong nose, distributed training
a: no special abilities


You were on level 2 of the Dungeon.
You visited 1 branch of the dungeon, and saw 2 of its levels.

You collected 154 gold pieces.

Inventory:

Hand Weapons
 d - a +1 dagger of venom (weapon)
Missiles
 i - a throwing net
Armour
 a - a +0 robe (worn)
 j - a +0 pair of boots (worn)
Jewellery
 e - a +6 ring of strength (left hand)
 g - a ring of resist corrosion (right hand)
Scrolls
 l - 2 scrolls of poison
 o - a scroll of identify
Potions
 f - a potion of berserk rage {unknown}
 h - a potion of mutation {unknown}
 k - 2 potions of curing {unknown}
 n - a potion of invisibility {unknown}


   Skills:
 + Level 1.0 Fighting
 + Level 1.0 Short Blades
 + Level 1.0 Long Blades
 + Level 1.0 Axes
 + Level 1.0 Maces & Flails
 + Level 1.0 Polearms
 + Level 1.0 Staves
 + Level 1.0 Ranged Weapons
 + Level 1.0 Throwing
 + Level 1.0 Armour
 + Level 4.6 Dodging
 + Level 4.2 Stealth
 + Level 1.0 Shields
 + Level 1.0 Unarmed Combat
 + Level 5.0 Spellcasting
 + Level 0.8 Conjurations
 + Level 0.8 Hexes
 + Level 0.8 Summonings
 + Level 0.8 Necromancy
 + Level 0.8 Translocations
 + Level 2.2 Transmutations
 + Level 0.8 Fire Magic
 + Level 0.8 Ice Magic
 + Level 0.8 Air Magic
 + Level 5.4 Earth Magic
 + Level 0.8 Poison Magic
 + Level 1.1 Invocations
 + Level 1.0 Evocations


You had 12 spell levels left.
You knew the following spells:

 Your Spells              Type           Power      Damage    Failure   Level
a - Sandblast             Erth           42%        2d11      1%          1

Your spell library contained the following spells:

 Spells                   Type           Power      Damage    Failure   Level
 Passwall                 Tmut/Erth      13%        N/A       4%          2
 Stone Arrow              Conj/Erth      28%        3d8       13%         3
 Petrify                  Tmut/Erth      16%        N/A       30%         4


Dungeon Overview and Level Annotations

Branches:
Dungeon (2/15)

Altars:

Annotations:
D:2 Terence


Innate Abilities, Weirdness & Mutations

You have very sharp teeth.
Your uncanny sense of smell can sniff out nearby items.
Your experience applies equally to all skills.


Message History

The blast of sand hits Terence but does no damage.
Terence hits you with a +2 heavy hand axe!
You are too injured to fight recklessly!
You are too injured to fight recklessly!
You are too injured to fight recklessly!
Casting: Sandblast (safe; 1% risk of failure)
Confirm with . or Enter, or press ? or * to list all spells.
Aiming: Sandblast (safe; 1% risk of failure)
Press: ? - help, Shift-Dir - straight line, f/p - Terence
Aim: Terence, wielding a +2 heavy hand axe and wearing a +0 chain mail of poison resistance (87% to hit)
The blast of sand hits Terence but does no damage.
Terence completely misses you.
Casting: Sandblast (safe; 1% risk of failure)
Confirm with . or Enter, or press ? or * to list all spells.
Aiming: Sandblast (safe; 1% risk of failure)
Press: ? - help, Shift-Dir - straight line, f/p - Terence
Aim: Terence, wielding a +2 heavy hand axe and wearing a +0 chain mail of poison resistance (87% to hit)
The blast of sand hits Terence but does no damage.
Terence closely misses you.
Casting: Sandblast (safe; 1% risk of failure)
Confirm with . or Enter, or press ? or * to list all spells.
Aiming: Sandblast (safe; 1% risk of failure)
Press: ? - help, Shift-Dir - straight line, f/p - Terence
Aim: Terence, wielding a +2 heavy hand axe and wearing a +0 chain mail of poison resistance (87% to hit)
The blast of sand hits Terence but does no damage.
Terence hits you with a +2 heavy hand axe!
* * * LOW HITPOINT WARNING * * *
Casting: Sandblast (safe; 1% risk of failure)
Confirm with . or Enter, or press ? or * to list all spells.
Okay, then.
You feel very mighty all of a sudden. Magic courses through your body.
Terence hits you with a +2 heavy hand axe.
* * * LOW HITPOINT WARNING * * *
As you read the scroll labelled GOHUUTS OHOL, it crumbles to dust.
It is a scroll of brand weapon.
Your +1 dagger drips with poison.
d - a +1 dagger of venom (weapon)
Terence hits you with a +2 heavy hand axe.
You die...

..........# #
#####..........# ##
###............†.# ####.
.................###....
##.....#.###.....#...###
..........^##.##........
#....#............####
#...@#......###.#####.
#@.#..............
#####.###.#...#.#####.
#................###..
#......###............
#..........>..........
#..........#.#....<...
#......###.#..#.......
#..........##.#.......
##......######.#.......


You could see Terence.

Vanquished Creatures
  An adder (D:2)
  2 dart slugs (D:1)
  9 ball pythons
  3 bats
  4 endoplasms
  3 giant cockroaches (D:1)
  4 goblins (D:1)
  3 hobgoblins (D:1)
  2 quokkas
  2 frilled lizards (D:1)
  5 kobolds
  6 rats
44 creatures vanquished.

Notes
Turn   | Place    | Note
-------+----------+-------------------------------------------
     0 | D:1      | BigDaddyOpFi the Gnoll Earth Elementalist began the quest
                  | for the Orb.
     0 | D:1      | Reached XP level 1. HP: 13/13 MP: 6/6
   147 | D:1      | Reached XP level 2. HP: 19/19 MP: 5/7
   503 | D:1      | Reached skill level 5 in Spellcasting
   503 | D:1      | Reached XP level 3. HP: 24/25 MP: 6/9
   812 | D:1      | Reached skill level 1 in Invocations
  1814 | D:2      | Reached skill level 1 in Fighting
  1814 | D:2      | Reached skill level 1 in Short Blades
  1814 | D:2      | Reached skill level 1 in Long Blades
  1814 | D:2      | Reached skill level 1 in Axes
  1814 | D:2      | Reached skill level 1 in Maces & Flails
  1814 | D:2      | Reached skill level 1 in Polearms
  1814 | D:2      | Reached skill level 1 in Staves
  1814 | D:2      | Reached skill level 1 in Ranged Weapons
  1814 | D:2      | Reached skill level 1 in Throwing
  1814 | D:2      | Reached skill level 1 in Armour
  1814 | D:2      | Reached skill level 1 in Shields
  1814 | D:2      | Reached skill level 1 in Unarmed Combat
  1814 | D:2      | Reached skill level 1 in Evocations
  2037 | D:2      | Noticed Terence
  2039 | D:2      | Reached XP level 4. HP: 27/32 MP: 9/11
  2046 | D:2      | Slain by Terence

Illustrated notes

Levels and vault maps discovered:
D:1:      sevenhm_arrival_forest_fort_large_4, layout_basic, minmay_3d_cube
D:2:      layout_rooms, minmay_misc_feat_nine_boxes, uniq_terence,
          uniq_crazy_yiuf_cottage

Skill      XL: |  1  2  3 |
---------------+----------+-----
Transmutations | 2 |  2.2
Spellcasting   | 5 |  5.0
Invocations    | 1 |  1.1
Fighting       | 1 |  1.0
Short Blades   | 1 |  1.0
Long Blades    | 1 |  1.0
Axes           | 1 |  1.0
Maces & Flails | 1 |  1.0
Polearms       | 1 |  1.0
Staves         | 1 |  1.0
Ranged Weapons | 1 |  1.0
Throwing       | 1 |  1.0
Armour         | 1 |  1.0
Shields        | 1 |  1.0
Unarmed Combat | 1 |  1.0
Evocations     | 1 |  1.0
Dodging        | |  4.6
Stealth        | |  4.2
Conjurations   | |  0.8
Hexes          | |  0.8
Summonings     | |  0.8
Necromancy     | |  0.8
Translocations | |  0.8
Fire Magic     | |  0.8
Ice Magic      | |  0.8
Air Magic      | |  0.8
Earth Magic    | |  5.4
Poison Magic   | |  0.8

Action                     |  1- 3 |  4- 6 || total
---------------------------+-------+-------++-------
  Melee: Dagger            |     3 |       ||     3
   Cast: Sandblast         |    52 |     5 ||    57
    Use: Scroll            |     5 |     1 ||     6
         Potion            |       |     2 ||     2
   Stab: Sleeping          |     1 |       ||     1
 Armour: Robe              |     2 |       ||     2
  Dodge: Dodged            |    16 |     2 ||    18

Table legend: (Time is in decaauts)
 A = Elapsed time spent in this place.
 B = Non-inter-level travel time spent in this place.
 C = Inter-level travel time spent in this place.
 D = Time resting spent in this place.
 E = Time spent auto-exploring this place.
 F = Levels seen in this place.
 G = Mean time per level.
                   A        B        C        D        E       F      G
               +--------+--------+--------+--------+--------+-----+--------+
         Total |   2072 |   2013 |     59 |    300 |   1488 |   2 | 1036.0 |
       Dungeon |   2072 |   2013 |     59 |    300 |   1488 |   2 | 1036.0 |
               +--------+--------+--------+--------+--------+-----+--------+

Top non-repeatable levels by time:
     D:1: 1708 daAuts
     D:2: 364 daAuts
